FSL
FORT MYERS MIRACLE @ PALM BEACH CARDINALS
05/08/2099
 
TOP OF THE 1ST
Fort Myers Miracle batting - Pitching for Palm Beach Cardinals : LHP Frank Skiffington
Pitching: LHP Frank Skiffington
Batting: LHB Chris Kemper 0-0: Ground out 3-1 (Groundball, 34S, EV 92.5 MPH)
Batting: RHB Lawrence Peyton 0-0: Ball
1-0: Ball
2-0: Ball
3-0: Base on Balls
Batting: RHB Steve Redlin 0-0: Called Strike
0-1: Ball
1-1: Foul Ball, location: 5FF
1-2: SINGLE (Line Drive, 3D, EV 110.0 MPH)
Lawrence Peyton to second
Runner from 2nd tries for 3rd, SAFE, throw by RF made to third
Batting: LHB Eddie Lopez 0-0: Foul Ball, location: 3DF
0-1: Called Strike
0-2: Ball
1-2: Ball
Steve Redlin is caught stealing 2nd base 2-6
2-2: Ground out 1-3 (Groundball, 34S, EV 64.4 MPH)
Top of the 1st over - 0 runs, 1 hit, 0 errors, 1 left on base; Fort Myers 0 - Palm Beach 0
BOTTOM OF THE 1ST
Palm Beach Cardinals batting - Pitching for Fort Myers Miracle : RHP Zane Schultz
Pitching: RHP Zane Schultz
Batting: RHB Dave Mora 0-0: Ball
1-0: Ball
2-0: SINGLE (Line Drive, 4D, EV 96.3 MPH)
Batting: SHB Jeremy Landon 0-0: 2-RUN HOME RUN (Flyball, 7D, EV 100.0 MPH), Distance : 364 ft
Batting: LHB Johnny Whitehead 0-0: Ball
1-0: Ball
2-0: Foul Ball, location: 7LMF
2-1: Called Strike
2-2: Ground out 4-3 (Groundball, 4M, EV 93.8 MPH)
Batting: LHB Jon Carlson 0-0: DOUBLE (Line Drive, 89M, EV 92.5 MPH)
Batting: SHB Alex Sandoval 0-0: Ball
1-0: Ball
2-0: Foul Ball, location: 9LSF
2-1: Fly out, F5 (Popup, 5SF, EV 83.1 MPH)
Batting: RHB Garrett Cragle 0-0: Ball
1-0: Foul Ball, location: 2F
1-1: SINGLE (Line Drive, 89S, EV 93.1 MPH)
Jon Carlson to third
Batting: LHB Josh Gregg 0-0: Fly out, F8 (Flyball, 8LS, EV 96.9 MPH)
Bottom of the 1st over - 2 runs, 4 hits, 0 errors, 2 left on base; Fort Myers 0 - Palm Beach 2
TOP OF THE 2ND
Fort Myers Miracle batting - Pitching for Palm Beach Cardinals : LHP Frank Skiffington
Batting: RHB Francisco Villanueva 0-0: Ball
1-0: Called Strike
1-1: Foul Ball, location: 2F
1-2: Ball
2-2: Strikes out looking
Batting: SHB Brian Burns 0-0: Ball
1-0: Called Strike
1-1: SINGLE (Groundball, 56D, EV 105.0 MPH)
Batting: LHB Emilio Garces 0-0: Ball
1-0: SINGLE (Line Drive, 8RS, EV 88.8 MPH)
Brian Burns to second
Batting: SHB Billy Perez 0-0: Called Strike
0-1: Foul Ball, location: 2RF
0-2: Ball
1-2: Foul Ball, location: 9LMF
1-2: Ball
2-2: Hit by Pitch
Brian Burns to third
Emilio Garces to second
Batting: RHB Sean Phillips 0-0: Ball
1-0: Called Strike
1-1: Ball
2-1: Swinging Strike
2-2: Ball
3-2: Base on Balls
Brian Burns scores
Emilio Garces to third
Billy Perez to second
Batting: LHB Chris Kemper 0-0: Swinging Strike
0-1: Foul Ball, location: 3F
0-2: Strikes out swinging
Batting: RHB Lawrence Peyton 0-0: Hit by Pitch
Emilio Garces scores
Billy Perez to third
Sean Phillips to second
Batting: RHB Steve Redlin 0-0: Called Strike
0-1: Ball
1-1: Foul Ball, location: 5FF
1-2: Strikes out swinging
Top of the 2nd over - 2 runs, 2 hits, 0 errors, 3 left on base; Fort Myers 2 - Palm Beach 2
BOTTOM OF THE 2ND
Palm Beach Cardinals batting - Pitching for Fort Myers Miracle : RHP Zane Schultz
Batting: LHB Tony Schulze 0-0: Foul Ball, location: 2F
0-1: SINGLE (Groundball, 13, EV 66.3 MPH) (infield hit)
Batting: RHB Jason Garcia 0-0: Bunted foul
0-1: Bunt missed!
0-2: Ball
1-2: Strikes out swinging
Batting: RHB Dave Mora 0-0: Ball
1-0: Foul Ball, location: 9LDF
1-1: Ball
2-1: Ball
3-1: Called Strike
3-2: Foul Ball, location: 2F
3-2: Base on Balls
Tony Schulze to second
Batting: SHB Jeremy Landon 0-0: Ball
1-0: SINGLE (Line Drive, 56D, EV 93.8 MPH)
Tony Schulze to third
Dave Mora to second
Batting: LHB Johnny Whitehead 0-0: Fly out, F7 (Flyball, 7LD, EV 95.6 MPH)
Runner from 3rd tags up, SCORES, no throw by LF
Dave Mora to third
Batting: LHB Jon Carlson 0-0: Ball
1-0: Called Strike
1-1: Called Strike
1-2: Foul Ball, location: 7LMF
1-2: Foul Ball, location: 2F
1-2: Ball
2-2: Ball
3-2: Base on Balls
Jeremy Landon to second
Batting: SHB Alex Sandoval 0-0: Called Strike
0-1: SINGLE (Line Drive, 8LS, EV 107.5 MPH)
Dave Mora scores
Jeremy Landon to third
Jon Carlson to second
Batting: RHB Garrett Cragle 0-0: Ball
1-0: Foul Ball, location: 25FF
1-1: Foul Ball, location: 9LMFF
1-2: Fly out, F9 (Line Drive, 9, EV 93.1 MPH)
Bottom of the 2nd over - 2 runs, 3 hits, 0 errors, 3 left on base; Fort Myers 2 - Palm Beach 4
TOP OF THE 3RD
Fort Myers Miracle batting - Pitching for Palm Beach Cardinals : LHP Frank Skiffington
Batting: LHB Eddie Lopez 0-0: Ball
1-0: Called Strike
1-1: Ball
2-1: Called Strike
2-2: Foul Ball, location: 2F
2-2: Strikes out swinging
Batting: RHB Francisco Villanueva 0-0: Called Strike
0-1: Foul Ball, location: 2F
0-2: Foul Ball, location: 9LMF
0-2: Ball
1-2: Ground out 6-3 (Groundball, 6S, EV 87.5 MPH)
Batting: SHB Brian Burns 0-0: Ball
1-0: SINGLE (Line Drive, 78S, EV 92.5 MPH)
Batting: LHB Emilio Garces 0-0: Ground out 4-3 (Groundball, 4, EV 80.0 MPH)
Top of the 3rd over - 0 runs, 1 hit, 0 errors, 1 left on base; Fort Myers 2 - Palm Beach 4
BOTTOM OF THE 3RD
Palm Beach Cardinals batting - Pitching for Fort Myers Miracle : RHP Zane Schultz
Batting: LHB Josh Gregg 0-0: Ball
1-0: Called Strike
1-1: Ball
2-1: Foul Ball, location: 2F
2-2: SOLO HOME RUN (Flyball, 9D, EV 93.8 MPH), Distance : 354 ft
Batting: LHB Tony Schulze 0-0: Ball
1-0: Ground out 4-3 (Groundball, 4, EV 91.3 MPH)
Batting: RHB Jason Garcia 0-0: Foul Ball, location: 2F
0-1: Called Strike
0-2: Strikes out looking
Batting: RHB Dave Mora 0-0: Called Strike
0-1: Ball
1-1: Ball
2-1: Called Strike
2-2: Ball
3-2: Strikes out swinging
Bottom of the 3rd over - 1 run, 1 hit, 0 errors, 0 left on base; Fort Myers 2 - Palm Beach 5
TOP OF THE 4TH
Fort Myers Miracle batting - Pitching for Palm Beach Cardinals : LHP Frank Skiffington
Batting: SHB Billy Perez 0-0: Ball
1-0: Ball
2-0: Fly out, F4 (Popup, 4M, EV 67.5 MPH)
Batting: RHB Sean Phillips 0-0: Ball
1-0: Foul Ball, location: 2LF
1-1: Fly out, F9 (Flyball, 89S, EV 85.0 MPH)
Batting: LHB Chris Kemper 0-0: Ball
1-0: Called Strike
1-1: SINGLE (Line Drive, 56, EV 107.5 MPH)
Batting: RHB Lawrence Peyton 0-0: Foul Ball, location: 7LSFF
0-1: Ball
1-1: Foul Ball, location: 2F
1-2: Ball
2-2: Ball
3-2: Fly out, F3 (Popup, 23F, EV 80.6 MPH)
Top of the 4th over - 0 runs, 1 hit, 0 errors, 1 left on base; Fort Myers 2 - Palm Beach 5
BOTTOM OF THE 4TH
Palm Beach Cardinals batting - Pitching for Fort Myers Miracle : RHP Zane Schultz
Batting: SHB Jeremy Landon 0-0: Ball
1-0: Ball
2-0: Ball
3-0: Called Strike
3-1: Base on Balls
Batting: LHB Johnny Whitehead 0-0: Ball
1-0: Ball
2-0: Ball
3-0: Called Strike
3-1: Called Strike
3-2: Base on Balls
Jeremy Landon to second
Pitching: RHP Jorge Limon
Batting: LHB Jon Carlson 0-0: Foul Ball, location: 7LDF
0-1: Fly out, F3 (Line Drive, 3L, EV 70.0 MPH)
Lined into DP, U3 (Line Drive, 3L, EV 70.0 MPH)
Batting: SHB Alex Sandoval 0-0: Ball
1-0: Ball
2-0: 2-RUN HOME RUN (Flyball, 7LD, EV 94.4 MPH), Distance : 363 ft
Batting: RHB Garrett Cragle 0-0: Called Strike
0-1: Ball
1-1: Fly out, F8 (Flyball, 89D, EV 95.6 MPH)
Bottom of the 4th over - 2 runs, 1 hit, 0 errors, 0 left on base; Fort Myers 2 - Palm Beach 7
TOP OF THE 5TH
Fort Myers Miracle batting - Pitching for Palm Beach Cardinals : LHP Frank Skiffington
Batting: RHB Steve Redlin 0-0: Ball
1-0: Ball
2-0: Ground out 2-3 (Groundball, 15S, EV 65.6 MPH)
Batting: LHB Eddie Lopez 0-0: Called Strike
0-1: Ball
1-1: Ball
2-1: Fly out, F6 (Popup, P, EV 75.0 MPH)
Batting: RHB Francisco Villanueva 0-0: Ball
1-0: Ball
2-0: Swinging Strike
2-1: SINGLE (Groundball, 4, EV 80.6 MPH) (infield hit)
Batting: SHB Brian Burns 0-0: Called Strike
0-1: Ball
1-1: Ball
Wild Pitch!
Francisco Villanueva to second
2-1: Ball
3-1: Base on Balls
Batting: LHB Emilio Garces 0-0: Ball
1-0: Fly out, F2 (Popup, 25F, EV 81.3 MPH)
Top of the 5th over - 0 runs, 1 hit, 0 errors, 2 left on base; Fort Myers 2 - Palm Beach 7
BOTTOM OF THE 5TH
Palm Beach Cardinals batting - Pitching for Fort Myers Miracle : RHP Jorge Limon
Batting: LHB Josh Gregg 0-0: Ball
1-0: Ball
2-0: Ball
3-0: Base on Balls
Batting: LHB Tony Schulze 0-0: Called Strike
0-1: Swinging Strike
0-2: Strikes out looking
Batting: RHB Jason Garcia 0-0: Ball
1-0: Grounds into double play, 5-4-3 (Groundball, 15, EV 86.9 MPH)
Bottom of the 5th over - 0 runs, 0 hits, 0 errors, 0 left on base; Fort Myers 2 - Palm Beach 7
TOP OF THE 6TH
Fort Myers Miracle batting - Pitching for Palm Beach Cardinals : LHP Frank Skiffington
Batting: SHB Billy Perez 0-0: Fly out, F9 (Flyball, 9LD, EV 93.8 MPH)
Batting: RHB Sean Phillips 0-0: Ball
1-0: SINGLE (Line Drive, 56D, EV 100.0 MPH)
Batting: LHB Chris Kemper 0-0: Called Strike
0-1: Ball
1-1: Ball
2-1: Foul Ball, location: 9LMF
2-2: Grounds into double play, 4-6-3 (Groundball, 4, EV 85.0 MPH)
Top of the 6th over - 0 runs, 1 hit, 0 errors, 0 left on base; Fort Myers 2 - Palm Beach 7
BOTTOM OF THE 6TH
Palm Beach Cardinals batting - Pitching for Fort Myers Miracle : RHP Jorge Limon
Batting: RHB Dave Mora 0-0: Ball
1-0: Ground out 6-3 (Groundball, 6MS, EV 95.6 MPH)
Batting: SHB Jeremy Landon 0-0: Foul Ball, location: 3DF
0-1: Ball
1-1: SINGLE (Groundball, 34D, EV 97.5 MPH)
Batting: LHB Johnny Whitehead 0-0: Called Strike
0-1: Foul Ball, location: 9LSF
0-2: Ball
1-2: Ball
2-2: Foul Ball, location: 7LDF
2-2: Strikes out looking
Pitching: RHP Connie Hicks
Batting: LHB Jon Carlson 0-0: Ball
1-0: Called Strike
Jeremy Landon steals 2nd base
1-1: SINGLE (Groundball, 34D, EV 108.8 MPH) (infield hit)
Jeremy Landon to third
Batting: SHB Alex Sandoval 0-0: Foul Ball, location: 9LDF
0-1: Foul Ball, location: 3DF
0-2: Foul Ball, location: 2F
0-2: Ball
1-2: Ball
2-2: Foul Ball, location: 3F
2-2: Strikes out swinging
Bottom of the 6th over - 0 runs, 2 hits, 0 errors, 2 left on base; Fort Myers 2 - Palm Beach 7
TOP OF THE 7TH
Fort Myers Miracle batting - Pitching for Palm Beach Cardinals : LHP Frank Skiffington
Batting: RHB Lawrence Peyton 0-0: SINGLE (Line Drive, 6MD, EV 94.4 MPH)
Batting: RHB Steve Redlin 0-0: Ball
1-0: Foul Ball, location: 5DF
1-1: Ball
2-1: TRIPLE (Groundball, 5L, EV 105.0 MPH)
Lawrence Peyton scores
Batting: LHB Eddie Lopez 0-0: Called Strike
0-1: Ball
1-1: Foul Ball, location: 2F
1-2: Foul Ball, location: 3DF
1-2: Foul Ball, location: 2F
1-2: Ball
2-2: Ball
3-2: DOUBLE (Line Drive, 7LM, EV 102.5 MPH)
Steve Redlin scores
Batting: RHB Francisco Villanueva 0-0: Ball
1-0: Ball
2-0: Called Strike
2-1: Foul Ball, location: 25F
2-2: Foul Ball, location: 2F
2-2: Ball
3-2: Strikes out swinging
Batting: SHB Brian Burns 0-0: Called Strike
0-1: Ball
1-1: Ground out 3-1 (Groundball, 34S, EV 91.9 MPH)
Eddie Lopez to third
Batting: LHB Emilio Garces 0-0: Called Strike
0-1: Fly out, F4 (Popup, 34S, EV 69.4 MPH)
Top of the 7th over - 2 runs, 3 hits, 0 errors, 1 left on base; Fort Myers 4 - Palm Beach 7
BOTTOM OF THE 7TH
Palm Beach Cardinals batting - Pitching for Fort Myers Miracle : RHP Connie Hicks
Batting: RHB Garrett Cragle 0-0: SINGLE (Groundball, 6MD, EV 103.8 MPH)
Batting: LHB Josh Gregg 0-0: Fly out, F4 (Popup, 34, EV 57.5 MPH)
Batting: LHB Tony Schulze 0-0: Ball
1-0: Fielders Choice at 2nd, 5-4 (Groundball, 56, EV 100.0 MPH)
Batting: RHB Jason Garcia 0-0: Called Strike
0-1: Called Strike
0-2: Ball
1-2: Fly out, F8 (Flyball, 8RXD, EV 80.0 MPH)
Bottom of the 7th over - 0 runs, 1 hit, 0 errors, 1 left on base; Fort Myers 4 - Palm Beach 7
TOP OF THE 8TH
Fort Myers Miracle batting - Pitching for Palm Beach Cardinals : LHP Frank Skiffington
Batting: SHB Billy Perez 0-0: Called Strike
0-1: Foul Ball, location: 9LSF
0-2: Ball
1-2: Ball
2-2: Foul Ball, location: 2F
2-2: Ground out 6-3 (Groundball, 6, EV 103.8 MPH)
Batting: RHB Sean Phillips 0-0: Ball
1-0: Swinging Strike
1-1: Ball
2-1: Called Strike
2-2: Ball
3-2: Foul Ball, location: 9LMF
3-2: Foul Ball, location: 2F
3-2: Base on Balls
Pitching: RHP Mike DeLuke
Batting: LHB Chris Kemper 0-0: Ball
1-0: Foul Ball, location: 7LDF
1-1: Foul Ball, location: 25FF
1-2: Strikes out swinging
Batting: RHB Lawrence Peyton 0-0: Ball
1-0: Swinging Strike
1-1: Foul Ball, location: 5SF
1-2: Strikes out swinging
Top of the 8th over - 0 runs, 0 hits, 0 errors, 1 left on base; Fort Myers 4 - Palm Beach 7
BOTTOM OF THE 8TH
Palm Beach Cardinals batting - Pitching for Fort Myers Miracle : RHP Connie Hicks
Batting: RHB Dave Mora 0-0: Foul Ball, location: 2RF
0-1: Ball
1-1: Called Strike
1-2: Ball
2-2: Fly out, F6 (Popup, 6MD, EV 70.0 MPH)
Batting: SHB Jeremy Landon 0-0: SINGLE (Line Drive, 8LS, EV 105.6 MPH)
Pitching: RHP Francisco Pedro
Batting: LHB Johnny Whitehead 0-0: Ball
1-0: Ball
2-0: Foul Ball, location: 23F
2-1: Called Strike
Jeremy Landon is caught stealing 2nd base 2-6
2-2: Foul Ball, location: 7LDF
2-2: Strikes out swinging
Bottom of the 8th over - 0 runs, 1 hit, 0 errors, 0 left on base; Fort Myers 4 - Palm Beach 7
TOP OF THE 9TH
Fort Myers Miracle batting - Pitching for Palm Beach Cardinals : RHP Mike DeLuke
Batting: RHB Steve Redlin 0-0: Foul Ball, location: 5SF
0-1: Foul Ball, location: 9LMF
0-2: Foul Ball, location: 2F
0-2: Fly out, F4 (Line Drive, 4, EV 72.5 MPH)
Batting: LHB Eddie Lopez 0-0: Ball
1-0: Called Strike
1-1: Ball
2-1: Foul Ball, location: 2F
2-2: Ball
3-2: Strikes out swinging
Batting: RHB Francisco Villanueva 0-0: Ball
1-0: SINGLE (Groundball, 4D, EV 97.5 MPH)
Batting: SHB Brian Burns 0-0: Foul Ball, location: 2F
0-1: Called Strike
0-2: Ball
1-2: Ball
2-2: Ball
3-2: Fly out, F8 (Flyball, 8RD, EV 96.9 MPH)
Top of the 9th over - 0 runs, 1 hit, 0 errors, 1 left on base; Fort Myers 4 - Palm Beach 7
Friday, May 3rd , 2024 - OOTP Baseball 24.11 Build 85